 Dungeon Crawl Stone Soup version 0.14.1-9-g552248a (webtiles) character file.

401 Heini the Covered (level 6, -3/56 HPs)
             Began as a Minotaur Fighter on May 26, 2014.
             Slain by Sigmund
             ... wielding a +0,+0 scythe
              (7 damage)
             ... on Level 3 of the Dungeon.
             The game lasted 00:06:08 (2022 turns).

Heini the Covered (Minotaur Fighter)                Turns: 2022, Time: 00:06:08

HP  -3/56        AC 12     Str 23      XL: 6   Next:  2%
MP   3/3         EV  7     Int  5      God:
Gold 128         SH  0     Dex  9      Spells:  0 memorised,  5 levels left

rFire  . . .     SeeInvis .     a - +0 flail
rCold  . . .     Clarity  .     b - +0 scale mail
rNeg   . . .     Conserve .     c - +0 shield
rPois  .         rCorr    .     s - +2 hat
rElec  .         rRot     .     (no cloak)
SustAb . .       Spirit   .     o - +0 pair of gloves
rMut   .         Warding  .     f - +0 pair of boots
Saprov . . .     Stasis   .     g - amulet of faith
MR     .....                    (no ring)
                                (no ring)

@: confused, not resistant to hostile enchantments, extremely unstealthy
A: retaliatory headbutt, horns 2
a: no special abilities


You were on level 3 of the Dungeon.
You were not hungry.

You visited 1 branch of the dungeon, and saw 3 of its levels.

You collected 128 gold pieces.

Inventory:

Hand weapons
 a - a +0,+0 flail (weapon)
Armour
 b - a +0 scale mail (worn)
 c - a +0 shield (worn)
 f - a +0 pair of boots (worn)
 o - a +0 pair of gloves (worn)
 s - a +2 hat (worn)
Comestibles
 d - 3 bread rations
 j - a snozzcumber
 k - an apple
 m - a pear
 r - 2 meat rations
 t - 2 chunks of orc flesh
Scrolls
 n - a scroll of recharging
Jewellery
 g - an amulet of faith (around neck)
 u - a cursed ring of hunger {unknown}
Potions
 e - a potion of might
 h - a potion of invisibility
 i - a potion of haste {unknown}
 l - 4 potions of curing
 q - 2 potions of restore abilities {unknown}
Books
 p - a book of Cantrips

   Spells                             Type                      Level
   Confusing Touch                    Hexes                        1
   Animate Skeleton                   Necromancy                   1
   Summon Small Mammal                Summoning                    1
   Apportation                        Translocation                1


   Skills:
 * Level 5.4 Fighting
 * Level 4.6 Maces & Flails
 * Level 5.8 Armour
 - Level 3.6 Shields


You had 5 spell levels left.
You didn't know any spells.

Dungeon Overview and Level Annotations

Branches:
Dungeon (3/15)

Altars:

Annotations:
D:3 Sigmund


Innate Abilities, Weirdness & Mutations

You reflexively headbutt those who attack you in melee.
You have a pair of horns on your head.


Message History

You sock something! Something hits you but does no damage.
You closely miss something. Something hits you but does no damage.
You hear some strange, mumbled words.
You are confused.
You hear some strange, mumbled words.
The magic dart hits you!
You closely miss something. Your headbutt misses something. Something hits you!
Something hits you but does no damage. The magic dart hits you!
* * * LOW HITPOINT WARNING * * *
The magic dart hits you! Something hits you but does no damage.
You hear some strange, mumbled words.
The puff of flame hits you!
* * * LOW HITPOINT WARNING * * *
Ouch! Ouch! The magic dart hits you!
* * * LOW HITPOINT WARNING * * *
Something hits you!
You die...

#######.######
#......#
######.#
#....(.#
#.####.# #.# #.#
# #.# #.#
#...##.##.####.#
#......)...@...#
.......[.#####.#
...##.### #.# .
... . ..## .


There were no monsters in sight!

Vanquished Creatures
  A scorpion (D:3)
  2 orc priests (D:3)
  2 orc wizards (D:3)
  4 adders
  A giant gecko (D:2)
  2 oozes
  9 orcs (D:3)
  9 giant cockroaches
  5 hobgoblins
  4 jackals (D:2)
  5 kobolds
  4 bats
  6 giant newts
  3 goblins (D:2)
  A quokka (D:2)
  8 rats
66 creatures vanquished.

Vanquished Creatures (others)
  An orc wizard (D:3)
1 creature vanquished.

Grand Total: 67 creatures vanquished

Notes
Turn   | Place    | Note
--------------------------------------------------------------
     0 | D:1      | Heini, the Minotaur Fighter, began the quest for the Orb.
     0 | D:1      | Reached XP level 1. HP: 19/19 MP: 1/1
   251 | D:1      | Reached XP level 2. HP: 27/27 MP: 1/1
   368 | D:1      | Reached skill level 4 in Armour
   909 | D:2      | Reached XP level 3. HP: 33/33 MP: 2/2
  1304 | D:3      | Reached XP level 4. HP: 21/41 MP: 2/2
  1503 | D:3      | Reached skill level 5 in Armour
  1507 | D:3      | Reached skill level 5 in Fighting
  1507 | D:3      | Reached XP level 5. HP: 25/48 MP: 2/2
  1626 | D:3      | Noticed a scorpion
  1640 | D:3      | Killed a scorpion
  1922 | D:3      | Reached XP level 6. HP: 47/56 MP: 3/3
  2001 | D:3      | Noticed Sigmund
  2022 | D:3      | Slain by Sigmund

Action                   |  1- 3 |  4- 6 || total
-------------------------+-------+-------++-------
Melee: Flail             |   123 |    75 ||   198
  Use: Scroll            |     7 |       ||     7
